 Dungeon Crawl Stone Soup version 0.16-a0-3153-gc6d0c83 (webtiles) character file.

153 Greenblue the Chopper (level 5, -16/41 HPs)
             Began as a Formicid Fighter on Dec 15, 2014.
             Demolished by an ogre
             ... wielding a cursed -2 giant spiked club
              (17 damage)
             ... on level 2 of the Dungeon.
             The game lasted 00:06:48 (1866 turns).

Greenblue the Chopper (Formicid Fighter)            Turns: 1866, Time: 00:06:48

Health: -16/41     AC:  6    Str: 20    XL:     5   Next: 61%
Magic:  7/7        EV:  7    Int:  9    God:
Gold:   59         SH:  9    Dex: 10    Spells: 0 memorised, 4 levels left

rFire  . . .     SeeInvis +     a - +0 war axe
rCold  . . .     Clarity  .     b - +0 scale mail
rNeg   + . .     SustAb   .     c - +0 shield
rPois  .         Gourm    .     (helmet unavailable)
rElec  .         Spirit   .     (no cloak)
rCorr  .         Warding  .     (no gloves)
rMut   .         Stasis   +     (no boots)
MR     .....                    (no amulet)
Stlth  ..........               (no ring)
                                m - ring of positive energy

@: lethally poisoned, not resistant to hostile enchantments, extremely
unstealthy
A: permanent stasis, dig shafts and tunnels, four strong arms, antennae 3
a: Dig, Shaft Self


You were on level 2 of the Dungeon.
You were hungry.

You visited 1 branch of the dungeon, and saw 3 of its levels.

You collected 59 gold pieces.

Inventory:

Hand weapons
 a - a +0 war axe (weapon)
 l - a +0 quarterstaff of crushing
Armour
 b - a +0 scale mail (worn)
 c - a +0 shield (worn)
Jewellery
 m - a ring of positive energy (left hand)
Scrolls
 f - a scroll of immolation {unknown}
 g - a scroll of blinking {unknown}
 h - 7 scrolls of identify {unknown}
 i - a scroll of random uselessness {unknown}
 j - a scroll of recharging {unknown}
Comestibles
 d - 2 bread rations
 n - 2 royal jellies


   Skills:
 - Level 3.2 Fighting
 + Level 5.4 Axes
 - Level 3.2 Armour
 - Level 3.6 Shields


You had 4 spell levels left.
You didn't know any spells.

Dungeon Overview and Level Annotations

Branches:
Dungeon (3/15)

Altars:
Nemelex Xobeh
Vehumet


Innate Abilities, Weirdness & Mutations

You are under a permanent stasis effect.
You can dig through walls and to a lower floor.
Your four strong arms can wield two-handed weapons with a shield.
You have a pair of large antennae on your head (SInv).


Message History

* * * LOW HITPOINT WARNING * * *
You feel sick. The ogre barely misses you.
You completely miss the ogre.
The ogre is heavily wounded.
* * * LOW HITPOINT WARNING * * *
You feel sick. You block the ogre's attack.
You hit the ogre but do no damage.
The ogre is heavily wounded.
* * * LOW HITPOINT WARNING * * *
You feel sick. The ogre barely misses you.
You hit the ogre.
The ogre is heavily wounded.
* * * LOW HITPOINT WARNING * * *
You feel sick.
You hit the ogre.
The ogre is heavily wounded.
* * * LOW HITPOINT WARNING * * *
You feel sick.
The ogre hits you with a giant spiked club!
You die...

#......#.# #.#
....#..#.# #.#
.......#.# #.#
.....(.#.# #.#
..#......# #.#
..#....### #.#
)....#.# #.###
######.# #...##
.......# #...@##
.############.#..O##
.#..........#.####.#
.#.########.#.....##
.#.# #.#####.# .#.#
#.......# .#.#
############## ...#
#.......# .###
#.####.##


You could see an ogre.

Vanquished Creatures
  A goliath beetle (D:3)
  Jessica (D:2)
  Robin (D:2)
  2 adders (D:2)
  2 giant geckos
  2 oozes (D:2)
  An orc (D:3)
  A ball python (D:1)
  9 bats
  7 giant cockroaches
  9 goblins
  12 hobgoblins
  2 jackals (D:1)
  8 kobolds
  A giant newt (D:1)
  5 rats
64 creatures vanquished.

Notes
Turn   | Place    | Note
--------------------------------------------------------------
     0 | D:1      | Greenblue, the Formicid Fighter, began the quest for the Orb.
     0 | D:1      | Reached XP level 1. HP: 18/18 MP: 1/1
   188 | D:1      | Reached XP level 2. HP: 24/24 MP: 3/3
   440 | D:1      | Reached XP level 3. HP: 29/29 MP: 4/4
   609 | D:1      | Found a sparkling altar of Nemelex Xobeh.
   976 | D:2      | Noticed Robin
   993 | D:2      | Reached XP level 4. HP: 31/35 MP: 5/5
   994 | D:2      | Reached skill level 4 in Axes
   996 | D:2      | Killed Robin
  1396 | D:2      | Noticed Jessica
  1402 | D:2      | Killed Jessica
  1402 | D:2      | Reached XP level 5. HP: 25/41 MP: 7/7
  1566 | D:3      | Noticed an ogre
  1605 | D:3      | Reached skill level 5 in Axes
  1801 | D:3      | Found a radiant altar of Vehumet.
  1865 | D:2      | HP: 2/41 [poison (a potion of poison)]
  1866 | D:2      | Demolished by an ogre

Action                   |  1- 3 |  4- 6 || total
-------------------------+-------+-------++-------
Melee: War axe           |    96 |    99 ||   195
 Abil: Dig               |       |     1 ||     1
  Use: Potion            |     2 |     3 ||     5
  Eat: Chunk             |       |     3 ||     3
